| TOP OF THE 1ST |
|
Biloxi Shuckers batting - Pitching for Colorado (EL) Rockies : RHP Matt Morales
|
|
Pitching: RHP Matt Morales
|
|
|
Batting: SHB Aaron Neill
|
0-0: Ball 1-0: Foul Ball, location: 2F 1-1: Foul Ball, location: 2F 1-2: Ball 2-2: DOUBLE (Line Drive, 89D, EV 110.0 MPH)
|
|
Batting: LHB Adam Hill
|
0-0: Ball 1-0: Ground out 4-3 (Groundball, 34, EV 84.4 MPH) Aaron Neill to third
|
|
Batting: SHB Justin Hensley
|
0-0: Called Strike 0-1: Swinging Strike 0-2: Ball 1-2: Strikes out swinging
|
|
Batting: RHB Josh Nelson
|
0-0: Ball 1-0: Ball 2-0: Swinging Strike 2-1: Ground out 1-3 (Groundball, 13S, EV 62.5 MPH)
|
| Top of the 1st over - 0 runs, 1 hit, 0 errors, 1 left on base; Biloxi 0 - Colorado (EL) 0 |
| BOTTOM OF THE 1ST |
|
Colorado (EL) Rockies batting - Pitching for Biloxi Shuckers : RHP Brett Rosinsky
|
|
Pitching: RHP Brett Rosinsky
|
|
|
Batting: RHB Dwane Reed
|
0-0: Ball 1-0: Called Strike 1-1: Foul Ball, location: 2F 1-2: Foul Ball, location: 2F 1-2: Strikes out swinging
|
|
Batting: SHB Jeff Sorrels
|
0-0: Foul Ball, location: 2F 0-1: Ball 1-1: Ball 2-1: Swinging Strike 2-2: DOUBLE (Flyball, 8LXD, EV 100.6 MPH)
|
|
Batting: LHB Mick Tucker
|
0-0: Foul Ball, location: 2F 0-1: SINGLE (Flyball, 4MD, EV 81.2 MPH) Jeff Sorrels to third
|
|
Batting: RHB John Corfield
|
0-0: Fly out, F7 (Flyball, 78S, EV 84.4 MPH)
|
|
Batting: LHB Paul McClintock
|
0-0: Called Strike 0-1: Fly out, F7 (Flyball, 78S, EV 89.4 MPH)
|
| Bottom of the 1st over - 0 runs, 2 hits, 0 errors, 2 left on base; Biloxi 0 - Colorado (EL) 0 |
| TOP OF THE 2ND |
|
Biloxi Shuckers batting - Pitching for Colorado (EL) Rockies : RHP Matt Morales
|
|
Batting: LHB Kwang-chih Men
|
0-0: Ball 1-0: Ball 2-0: Called Strike 2-1: Called Strike 2-2: Ball 3-2: Ground out 4-3 (Groundball, 4S, EV 91.2 MPH)
|
|
Batting: RHB Brian Landrum
|
0-0: Called Strike 0-1: Swinging Strike 0-2: Ground out 5-3 (Groundball, 15, EV 81.2 MPH)
|
|
Batting: LHB Mark Backstrom
|
0-0: Ball 1-0: Ball 2-0: Ball 3-0: Foul Ball, location: 2F 3-1: SINGLE (Line Drive, 6D, EV 103.8 MPH)
|
|
Batting: SHB Nick Chandler
|
0-0: Called Strike 0-1: Fly out, F8 (Flyball, 8RD, EV 93.8 MPH)
|
| Top of the 2nd over - 0 runs, 1 hit, 0 errors, 1 left on base; Biloxi 0 - Colorado (EL) 0 |
| BOTTOM OF THE 2ND |
|
Colorado (EL) Rockies batting - Pitching for Biloxi Shuckers : RHP Brett Rosinsky
|
|
Batting: RHB Bobby Bowman
|
0-0: Fly out, F7 (Flyball, 7D, EV 91.9 MPH)
|
|
Batting: SHB Jamie Mims
|
0-0: Ball 1-0: Swinging Strike 1-1: Fly out, F7 (Flyball, 7LMF, EV 85.6 MPH)
|
|
Batting: LHB Daniel Green
|
0-0: Ball 1-0: Ball 2-0: Called Strike 2-1: Ground out U3 (Groundball, 3, EV 102.5 MPH)
|
| Bottom of the 2nd over - 0 runs, 0 hits, 0 errors, 0 left on base; Biloxi 0 - Colorado (EL) 0 |
| TOP OF THE 3RD |
|
Biloxi Shuckers batting - Pitching for Colorado (EL) Rockies : RHP Matt Morales
|
|
Batting: RHB Leo Serrano
|
0-0: Ball 1-0: Foul Ball, location: 2F 1-1: Ball 2-1: Ball 3-1: Base on Balls
|
|
Batting: SHB Aaron Neill
|
0-0: Ball Leo Serrano steals 2nd base 1-0: Foul Ball, location: 2F 1-1: SINGLE (Groundball, 34D, EV 105.6 MPH) Leo Serrano to third Runner from 3rd tries for Home, SAFE, throw by RF to home
|
|
Batting: LHB Adam Hill
|
0-0: Ball Aaron Neill steals 2nd base 1-0: Ball 2-0: Ball 3-0: Base on Balls
|
|
Batting: SHB Justin Hensley
|
0-0: Ball 1-0: Ball 2-0: Ball 3-0: Called Strike 3-1: 3-RUN HOME RUN (Flyball, 89XD, EV 99.4 MPH), Distance : 405 ft
|
|
Batting: RHB Josh Nelson
|
0-0: Ball 1-0: Ground out 5-3 (Groundball, 56, EV 108.1 MPH)
|
|
Batting: LHB Kwang-chih Men
|
0-0: Foul Ball, location: 2F 0-1: Ball 1-1: Foul Ball, location: 2F 1-2: Foul Ball, location: 2F 1-2: Ground out 4-3 (Groundball, 4, EV 101.9 MPH)
|
|
Batting: RHB Brian Landrum
|
0-0: SINGLE (Groundball, P, EV 78.8 MPH) (infield hit)
|
|
Batting: LHB Mark Backstrom
|
0-0: Ball 1-0: Called Strike 1-1: Ball 2-1: Ball 3-1: Called Strike 3-2: Base on Balls Brian Landrum to second
|
|
Batting: SHB Nick Chandler
|
0-0: Ball 1-0: Foul Ball, location: 2F 1-1: Called Strike 1-2: Ball 2-2: SINGLE (Groundball, 56D, EV 103.1 MPH) Brian Landrum to third Mark Backstrom to second Runner from 3rd tries for Home, SAFE, throw by LF to home
|
|
Pitching: RHP Saburo Fujimoto
|
|
|
Batting: RHB Leo Serrano
|
0-0: Called Strike 0-1: Foul Ball, location: 2F 0-2: Strikes out swinging
|
| Top of the 3rd over - 5 runs, 4 hits, 0 errors, 2 left on base; Biloxi 5 - Colorado (EL) 0 |
| BOTTOM OF THE 3RD |
|
Colorado (EL) Rockies batting - Pitching for Biloxi Shuckers : RHP Brett Rosinsky
|
|
Batting: SHB Craig Ruzic
|
0-0: Called Strike 0-1: Ball 1-1: Ball 2-1: Ball 3-1: Base on Balls
|
|
Batting: RHB Dwane Reed
|
0-0: Ball 1-0: Ball 2-0: Called Strike 2-1: Swinging Strike 2-2: Strikes out swinging
|
|
Batting: SHB Jeff Sorrels
|
0-0: Swinging Strike 0-1: Ball 1-1: Swinging Strike 1-2: Foul Ball, location: 2F 1-2: Ball 2-2: Ball 3-2: Ground out 1-3 (Groundball, 34S, EV 65.0 MPH) Craig Ruzic to second
|
|
Batting: LHB Mick Tucker
|
0-0: Ball 1-0: Ball 2-0: Foul Ball, location: 2F 2-1: Foul Ball, location: 2F 2-2: Foul Ball, location: 2F 2-2: DOUBLE (Line Drive, 89D, EV 111.9 MPH) Craig Ruzic scores
|
|
Batting: RHB John Corfield
|
0-0: Ball 1-0: 2-RUN HOME RUN (Flyball, 7D, EV 95.0 MPH), Distance : 351 ft
|
|
Batting: LHB Paul McClintock
|
0-0: Ball 1-0: Ball 2-0: Ball 3-0: Base on Balls
|
|
Batting: RHB Bobby Bowman
|
0-0: Ball 1-0: Called Strike 1-1: Foul Ball, location: 2F 1-2: Ball 2-2: Foul Ball, location: 2F 2-2: Ball 3-2: Ground out 4-3 (Groundball, 4, EV 110.0 MPH)
|
| Bottom of the 3rd over - 3 runs, 2 hits, 0 errors, 1 left on base; Biloxi 5 - Colorado (EL) 3 |
| TOP OF THE 4TH |
|
Biloxi Shuckers batting - Pitching for Colorado (EL) Rockies : RHP Saburo Fujimoto
|
|
Batting: SHB Aaron Neill
|
0-0: Ball 1-0: Ground out 4-3 (Groundball, 4, EV 84.4 MPH)
|
|
Batting: LHB Adam Hill
|
0-0: Called Strike 0-1: Ball 1-1: Ball 2-1: SINGLE (Groundball, 34D, EV 108.8 MPH)
|
|
Batting: SHB Justin Hensley
|
0-0: Ball 1-0: Called Strike 1-1: Foul Ball, location: 2F 1-2: Ball 2-2: Ball 3-2: DOUBLE (Flyball, 78XD, EV 111.2 MPH) Adam Hill to third
|
|
Batting: RHB Josh Nelson
|
0-0: Called Strike 0-1: Swinging Strike 0-2: Strikes out swinging
|
|
Batting: LHB Kwang-chih Men
|
0-0: Called Strike 0-1: Foul Ball, location: 2F 0-2: Ball 1-2: Ball 2-2: SINGLE (Line Drive, 7LS, EV 98.8 MPH) Adam Hill scores Justin Hensley to third Runner from 3rd tries for Home, SAFE, throw by LF to home
|
|
Batting: RHB Brian Landrum
|
0-0: Called Strike Pickoff Throw to First - Out! 1-3 CS
|
| Top of the 4th over - 2 runs, 3 hits, 0 errors, 0 left on base; Biloxi 7 - Colorado (EL) 3 |
| BOTTOM OF THE 4TH |
|
Colorado (EL) Rockies batting - Pitching for Biloxi Shuckers : RHP Brett Rosinsky
|
|
Batting: SHB Jamie Mims
|
0-0: Called Strike 0-1: Called Strike 0-2: Fly out, F7 (Flyball, 78M, EV 92.5 MPH)
|
|
Batting: LHB Daniel Green
|
0-0: Ball 1-0: Ground out U3 (Groundball, 34, EV 109.4 MPH)
|
|
Batting: SHB Craig Ruzic
|
0-0: Called Strike 0-1: Ball 1-1: Fly out, F2 (Popup, 25F, EV 88.8 MPH)
|
| Bottom of the 4th over - 0 runs, 0 hits, 0 errors, 0 left on base; Biloxi 7 - Colorado (EL) 3 |
| TOP OF THE 5TH |
|
Biloxi Shuckers batting - Pitching for Colorado (EL) Rockies : RHP Saburo Fujimoto
|
|
Batting: RHB Brian Landrum
|
0-0: Swinging Strike 0-1: Ball 1-1: Fly out, F9 (Line Drive, 9S, EV 89.4 MPH)
|
|
Batting: LHB Mark Backstrom
|
0-0: Ball 1-0: Ground out 4-3 (Groundball, 4, EV 88.1 MPH)
|
|
Batting: SHB Nick Chandler
|
0-0: Called Strike 0-1: Fly out, F7 (Flyball, 7, EV 88.1 MPH)
|
| Top of the 5th over - 0 runs, 0 hits, 0 errors, 0 left on base; Biloxi 7 - Colorado (EL) 3 |
| BOTTOM OF THE 5TH |
|
Colorado (EL) Rockies batting - Pitching for Biloxi Shuckers : RHP Brett Rosinsky
|
|
Batting: RHB Dwane Reed
|
0-0: Foul Ball, location: 2F 0-1: Ball 1-1: Foul Ball, location: 2F 1-2: Ball 2-2: Strikes out swinging
|
|
Batting: SHB Jeff Sorrels
|
0-0: Ball 1-0: SINGLE (Groundball, 4D, EV 110.6 MPH)
|
|
Batting: LHB Mick Tucker
|
0-0: Ball 1-0: Foul Ball, location: 2F 1-1: SINGLE (Groundball, 4S, EV 68.8 MPH) (infield hit) Jeff Sorrels to second
|
|
Batting: RHB John Corfield
|
0-0: Ball 1-0: DOUBLE (Line Drive, 7LM, EV 105.0 MPH) Jeff Sorrels scores Mick Tucker to third Runner from 3rd tries for Home, SAFE, throw by LF to trailing runner, OUT at third! 7-3-5
|
|
Pitching: RHP Zach Green
|
|
|
Batting: LHB Paul McClintock
|
0-0: SINGLE (Groundball, 6D, EV 97.5 MPH)
|
|
Batting: RHB Bobby Bowman
|
0-0: Ball 1-0: Foul Ball, location: 2F 1-1: SINGLE (Line Drive, 6D, EV 95.6 MPH) Paul McClintock to second
|
|
Batting: SHB Jamie Mims
|
0-0: Ball Balk! Paul McClintock to third Bobby Bowman to second 1-0: Ball 2-0: Called Strike 2-1: Swinging Strike 2-2: Ground out 4-3 (Groundball, 4, EV 109.4 MPH)
|
| Bottom of the 5th over - 2 runs, 5 hits, 0 errors, 2 left on base; Biloxi 7 - Colorado (EL) 5 |
| TOP OF THE 6TH |
|
Biloxi Shuckers batting - Pitching for Colorado (EL) Rockies : RHP Saburo Fujimoto
|
|
Batting: RHB Leo Serrano
|
0-0: Ball 1-0: SINGLE (Line Drive, 8LS, EV 98.8 MPH)
|
|
Pitching: RHP Dane Long
|
|
|
Batting: SHB Aaron Neill
|
0-0: Fielders Choice at 2nd, 4-6 (Groundball, 4, EV 78.1 MPH)
|
|
Batting: LHB Adam Hill
|
0-0: Fly out, F9 (Flyball, 89D, EV 101.9 MPH)
|
|
Batting: SHB Justin Hensley
|
0-0: Ball 1-0: Foul Ball, location: 2F 1-1: Ball 2-1: Foul Ball, location: 2F 2-2: Foul Ball, location: 2F 2-2: Foul Ball, location: 2F 2-2: Foul Ball, location: 2F 2-2: Foul Ball, location: 2F 2-2: Ball 3-2: Fly out, F8 (Flyball, 8RM, EV 83.1 MPH)
|
| Top of the 6th over - 0 runs, 1 hit, 0 errors, 1 left on base; Biloxi 7 - Colorado (EL) 5 |
| BOTTOM OF THE 6TH |
|
Colorado (EL) Rockies batting - Pitching for Biloxi Shuckers : RHP Zach Green
|
|
Batting: LHB Daniel Green
|
0-0: SINGLE (Line Drive, 9S, EV 110.6 MPH)
|
|
Batting: SHB Craig Ruzic
|
0-0: Ball 1-0: Ball 2-0: DOUBLE (Line Drive, 3D, EV 103.1 MPH) Daniel Green to third Runner from 3rd tries for Home, throw by RF and OUT! 9-4-2
|
|
Batting: RHB Dwane Reed
|
0-0: Called Strike 0-1: Ball 1-1: Swinging Strike 1-2: Strikes out swinging
|
|
Batting: SHB Jeff Sorrels
|
0-0: Swinging Strike 0-1: Ball 1-1: SINGLE (Groundball, 34D, EV 104.4 MPH) Craig Ruzic to third Runner from 3rd tries for Home, SAFE, throw by RF to home
|
|
Batting: LHB Mick Tucker
|
0-0: Ground out 4-3 (Groundball, 4, EV 100.0 MPH)
|
| Bottom of the 6th over - 1 run, 3 hits, 0 errors, 1 left on base; Biloxi 7 - Colorado (EL) 6 |
| TOP OF THE 7TH |
|
Biloxi Shuckers batting - Pitching for Colorado (EL) Rockies : RHP Dane Long
|
|
Pitching: LHP Jared Lummus
|
|
|
Batting: RHB Josh Nelson
|
0-0: Swinging Strike 0-1: Ball 1-1: Ball 2-1: Swinging Strike 2-2: Strikes out swinging
|
|
Batting: LHB Kwang-chih Men
|
0-0: Swinging Strike 0-1: Foul Ball, location: 2F 0-2: Ground out 4-3 (Groundball, 4, EV 86.2 MPH)
|
|
Batting: RHB Brian Landrum
|
0-0: Ball 1-0: Ball 2-0: SINGLE (Line Drive, 6M, EV 105.0 MPH)
|
|
Batting: LHB Mark Backstrom
|
0-0: Ball 1-0: Called Strike 1-1: Fly out, F8 (Flyball, 78M, EV 87.5 MPH)
|
| Top of the 7th over - 0 runs, 1 hit, 0 errors, 1 left on base; Biloxi 7 - Colorado (EL) 6 |
| BOTTOM OF THE 7TH |
|
Colorado (EL) Rockies batting - Pitching for Biloxi Shuckers : RHP Zach Green
|
|
Now in LF: Jerry Duffy
|
|
|
Batting: RHB John Corfield
|
0-0: Ball 1-0: Swinging Strike 1-1: Fly out, F8 (Line Drive, 78M, EV 97.5 MPH)
|
|
Batting: LHB Paul McClintock
|
0-0: Ball 1-0: Ball 2-0: Foul Ball, location: 2F 2-1: Called Strike 2-2: Ball 3-2: Fly out, F9 (Flyball, 9S, EV 88.8 MPH)
|
|
Batting: RHB Bobby Bowman
|
0-0: Foul Ball, location: 2F 0-1: Ground out 4-3 (Groundball, 34, EV 88.1 MPH)
|
| Bottom of the 7th over - 0 runs, 0 hits, 0 errors, 0 left on base; Biloxi 7 - Colorado (EL) 6 |
| TOP OF THE 8TH |
|
Biloxi Shuckers batting - Pitching for Colorado (EL) Rockies : LHP Jared Lummus
|
|
Batting: SHB Nick Chandler
|
0-0: Ground out 6-3 (Groundball, 56, EV 91.9 MPH)
|
|
Batting: RHB Leo Serrano
|
0-0: Foul Ball, location: 2F 0-1: Ball 1-1: Ball 2-1: Ball 3-1: SINGLE (Line Drive, 8LS, EV 103.1 MPH)
|
|
Batting: SHB Aaron Neill
|
0-0: Ball Leo Serrano steals 2nd, throwing error, E2 Leo Serrano to third 1-0: Ground out 4-3 (Groundball, 4, EV 80.0 MPH)
|
|
Batting: LHB Adam Hill
|
0-0: Ball 1-0: Foul Ball, location: 2F 1-1: Ball 2-1: Ground out 4-3 (Groundball, 4, EV 82.5 MPH)
|
| Top of the 8th over - 0 runs, 1 hit, 1 error, 1 left on base; Biloxi 7 - Colorado (EL) 6 |
| BOTTOM OF THE 8TH |
|
Colorado (EL) Rockies batting - Pitching for Biloxi Shuckers : RHP Zach Green
|
|
Batting: SHB Jamie Mims
|
0-0: Called Strike 0-1: Ball 1-1: Called Strike 1-2: DOUBLE (Line Drive, 89D, EV 105.0 MPH)
|
|
Pitching: LHP Brian Rich
|
|
|
Batting: LHB Daniel Green
|
0-0: Called Strike 0-1: Foul Ball, location: 2F 0-2: Ball 1-2: Strikes out swinging
|
|
Batting: SHB Craig Ruzic
|
0-0: Ball 1-0: Foul Ball, location: 2F 1-1: Ground out 6-3 (Groundball, 6S, EV 86.2 MPH)
|
|
Batting: RHB Dwane Reed
|
0-0: Called Strike 0-1: Ball 1-1: Fly out, F8 (Flyball, 78S, EV 76.2 MPH)
|
| Bottom of the 8th over - 0 runs, 1 hit, 0 errors, 1 left on base; Biloxi 7 - Colorado (EL) 6 |
| TOP OF THE 9TH |
|
Biloxi Shuckers batting - Pitching for Colorado (EL) Rockies : LHP Jared Lummus
|
|
Pitching: RHP Michael Conrad
|
|
|
Batting: SHB Justin Hensley
|
0-0: Ball 1-0: Called Strike 1-1: Ball 2-1: Ball 3-1: Base on Balls
|
|
Batting: SHB Jerry Duffy
|
0-0: Ball 1-0: Ball 2-0: Swinging Strike 2-1: Fly out, F6 (Popup, 6S, EV 70.0 MPH)
|
|
Batting: LHB Kwang-chih Men
|
0-0: Ball Justin Hensley is caught stealing 2nd base 2-6 1-0: Ball 2-0: Ball 3-0: Called Strike 3-1: Foul Ball, location: 2F 3-2: Foul Ball, location: 2F 3-2: Fly out, F8 (Line Drive, 8RM, EV 93.8 MPH)
|
| Top of the 9th over - 0 runs, 0 hits, 0 errors, 0 left on base; Biloxi 7 - Colorado (EL) 6 |
| BOTTOM OF THE 9TH |
|
Colorado (EL) Rockies batting - Pitching for Biloxi Shuckers : LHP Brian Rich
|
|
Pitching: RHP Elijah Seabrooks
|
|
|
Batting: SHB Jeff Sorrels
|
0-0: Called Strike 0-1: Ground out 4-3 (Groundball, 34D, EV 81.9 MPH)
|
|
Batting: LHB Mick Tucker
|
0-0: Ball 1-0: Ground out U3 (Groundball, 34S, EV 67.5 MPH)
|
|
Batting: RHB John Corfield
|
0-0: Ball 1-0: Ball 2-0: SINGLE (Line Drive, 8LS, EV 96.2 MPH)
|
|
Batting: LHB Paul McClintock
|
0-0: Ball 1-0: Called Strike 1-1: Ball 2-1: Ball 3-1: SINGLE (Groundball, 25, EV 75.0 MPH) (infield hit) John Corfield to second
|
|
Batting: RHB Bobby Bowman
|
0-0: Foul Ball, location: 2F 0-1: Called Strike 0-2: Strikes out swinging
|
| Bottom of the 9th over - 0 runs, 2 hits, 0 errors, 2 left on base; Biloxi 7 - Colorado (EL) 6 |
|